 Dungeon Crawl Stone Soup version 0.30.0-5-g1a98f26d00 (webtiles) character file.

Game seed: 12343056402243390481

71 shadowrider38 the Trooper (level 4, -3/41 HPs)
             Began as a Hill Orc Air Elementalist on May 12, 2023.
             Slain by a gnoll
             ... wielding a +0 halberd
              (12 damage)
             ... on level 2 of the Dungeon.
             The game lasted 00:04:31 (2611 turns).

shadowrider38 the Trooper (HOAE)                    Turns: 2611, Time: 00:04:31

Health: -3/41      AC:  3    Str: 12    XL:     4   Next: 24%
Magic:  4/6        EV: 12    Int: 15    God:
Gold:   59         SH:  0    Dex: 11    Spells: 3/6 levels left

rFire   . . .        a - +2 dagger (speed)
rCold   . . .        (no shield)
rNeg    . . .        i - +0 robe
rPois   .            c - +0 helmet
rElec   .            (no cloak)
rCorr   .            (no gloves)
SInv    .            (no boots)
Will    .....        (no amulet)
Stlth   ++           (no ring)
HPRegen 0.26/turn    (no ring)
MPRegen 0.10/turn

%: no passive effects
@: no status effects
A: no striking features
a: no special abilities


You were on level 2 of the Dungeon.
You visited 1 branch of the dungeon, and saw 2 of its levels.

You collected 59 gold pieces.

Inventory:

Hand Weapons
 a - a +2 dagger of speed (weapon)
Missiles
 Z - 2 throwing nets
Armour
 c - a +0 helmet (worn)
 f - a +0 leather armour
 i - a +0 robe (worn)
 l - a +0 chain mail
Scrolls
 g - a scroll of fear {unknown}
 j - a scroll of amnesia {unknown}
Potions
 b - a potion of magic
 e - a potion of cancellation {unknown}
 h - a potion of mutation
 k - a potion of invisibility


   Skills:
 + Level 4.5 Fighting
 - Level 1.5 Dodging
 - Level 1.5 Stealth
 - Level 1.5 Spellcasting
 - Level 1.0 Conjurations
 - Level 2.4 Air Magic


You had 3 spell levels left.
You knew the following spells:

 Your Spells              Type           Power      Damage    Failure   Level
a - Shock                 Conj/Air       24%        1d4       12%         1
b - Static Discharge      Conj/Air       12%        2-3/arc   17%         2

Your spell library contained the following spells:

 Spells                   Type           Power      Damage    Failure   Level
 Swiftness                Air            8%         N/A       26%         3
 Call Canine Familiar     Summ           1%         N/A       56%         3
 Inner Flame              Hex/Fire       1%         N/A       56%         3
 Portal Projectile        Hex/Tloc       2%         N/A       56%         3
 Airstrike                Air            4%         2d(1-17)  65%         4
 Flame Wave               Conj/Fire      2%         2d4       88%         4
 Sticky Flame             Conj/Fire      2%         2d3       88%         4
 Leda's Liquefaction      Hex/Erth       0%         N/A       93%         4


Dungeon Overview and Level Annotations

Branches:
Dungeon (2/15)

Altars:


Message History

Aim: a gnoll, wielding a +0 halberd and quivering stones (heavily wounded, 69% to hit)
The zap hits the gnoll.
The gnoll is heavily wounded.
The gnoll hits you from afar with a +0 halberd.
Casting: Shock (safe; 12% risk of failure)
Confirm with . or Enter, or press ? or * to list all spells.
Okay, then.
The gnoll hits you with a +0 halberd.
You barely miss the gnoll.
The gnoll is heavily wounded.
The gnoll barely misses you.
You closely miss the gnoll.
The gnoll is heavily wounded.
The gnoll hits you with a +0 halberd!
You closely miss the gnoll.
The gnoll is heavily wounded.
The gnoll attacks as you move away! The gnoll hits you with a +0 halberd!
The gnoll throws a stone.
The stone hits you but does no damage.
There is a stone staircase leading up, spattered with blood here.
The gnoll throws a stone.
The stone closely misses you.
You climb upwards.
Level annotation: exclusion: downstairs
There is a stone staircase leading down here.
You start resting.
Magic restored.
You start resting.
HP restored.
Press: ? - help, v - describe, . - travel A stone staircase leading down.
Removed exclusion.
You climb downwards.
The gnoll barely misses you.
There is a stone staircase leading up, spattered with blood here.
Unknown command.
Casting: Shock (safe; 12% risk of failure)
Confirm with . or Enter, or press ? or * to list all spells.
Okay, then.
The gnoll hits you with a +0 halberd!
Casting: Shock (safe; 12% risk of failure)
Confirm with . or Enter, or press ? or * to list all spells.
The gnoll is struck by an arc of lightning.
The gnoll is lightly wounded.
You are struck by an arc of lightning.
The gnoll is struck by an arc of lightning.
The gnoll is moderately wounded.
The lightning grounds out.
The gnoll hits you with a +0 halberd!
The gnoll hits you from afar with a +0 halberd.
* * * LOW HITPOINT WARNING * * *
There is a stone staircase leading up, spattered with blood here.
The gnoll hits you from afar with a +0 halberd!
You die...

#.)####.....# .###..#
##..........##### ...#..######
#####......g...#####.........#
#.......###............##.#
##.......g.####.............
## ###..#.....#.#
##........###.
.###...########.# #........#
## .##..#.# #.## #........####
.##....# #.@####....(.......
.##..### ##..g.).##########.
.#...# #......### ## )...##
#(###....# #### ...### ##.#
####.######... #...># ##..#
#......#.## #.##.# #..##
######...# #.##.# #.## ##..#
#.##.#########.# #..##


You could see 2 gnolls.

Vanquished Creatures
  A gnoll (D:1)
  An adder (D:2)
  4 dart slugs (D:1)
  An orc (D:2)
  2 ball pythons (D:1)
  2 bats (D:2)
  2 endoplasms
  A giant cockroach (D:1)
  8 goblins
  4 hobgoblins
  5 kobolds
  3 quokkas
  3 frilled lizards (D:1)
  3 rats (D:1)
40 creatures vanquished.

Notes
Turn   | Place    | Note
-------+----------+-------------------------------------------
     0 | D:1      | shadowrider38 the Hill Orc Air Elementalist began the quest
                  | for the Orb.
     0 | D:1      | Reached XP level 1. HP: 14/14 MP: 3/3
   114 | D:1      | Reached skill level 1 in Fighting
   333 | D:1      | Reached XP level 2. HP: 24/24 MP: 0/4
   378 | D:1      | Learned a level 2 spell: Static Discharge
   397 | D:1      | Reached skill level 2 in Fighting
   790 | D:1      | Reached skill level 3 in Fighting
   882 | D:1      | Reached XP level 3. HP: 31/31 MP: 3/5
  1777 | D:1      | Reached skill level 4 in Fighting
  1984 | D:2      | Reached XP level 4. HP: 40/40 MP: 3/6
  2611 | D:2      | Slain by a gnoll

Illustrated notes

Levels and vault maps discovered:
D:1:      roderic_crossed_star, layout_basic, st_stairs_1
D:2:      layout_rooms, minmay_crystal_water, minmay_ruptured

Skill      XL: |  1  2  3 |
---------------+----------+-----
Fighting       | 1 3 4 |  4.5
Dodging        | |  1.5
Stealth        | |  1.5
Spellcasting   | |  1.5
Conjurations   | |  1.0
Air Magic      | |  2.4

Action                     |  1- 3 |  4- 6 || total
---------------------------+-------+-------++-------
  Melee: Unarmed           |    27 |       ||    27
         Dagger            |     8 |    16 ||    24
   Cast: Shock             |    71 |    25 ||    96
         Static Discharge  |       |     1 ||     1
    Use: Scroll            |     2 |     1 ||     3
         Potion            |     1 |       ||     1
 Armour: Robe              |     4 |     2 ||     6
  Dodge: Dodged            |    33 |    12 ||    45
